 Dungeon Crawl Stone Soup version 0.31-a0-369-g8eba5f6939 (webtiles) character file.

Game seed: 4788016882505211646

224 gelatine the Chopper (level 5, 0/41 HPs)
             Began as a Demonspawn Gladiator on July 28, 2023.
             Slain by Pikel
             ... wielding a +0 whip of flaming
              (1 damage)
             ... on level 4 of the Dungeon.
             The game lasted 00:06:42 (2428 turns).

gelatine the Chopper (Demonspawn Gladiator)         Turns: 2428, Time: 00:06:44

Health: 0/41       AC: 12    Str: 16    XL:     5   Next: 67%
Magic:  5/5        EV:  5    Int:  9    God:
Gold:   104        SH:  4    Dex: 15    Spells: 4/4 levels left

rFire   . . .        a - +1 war axe
rCold   . . .        (no shield)
rNeg    . . .        u - +0 plate armour
rPois   +            c - +0 helmet
rElec   .            g - +0 cloak
rCorr   .            (no gloves)
SInv    .            (no boots)
Will    +....        (no amulet)
Stlth   x              - ring of poison resistance
HPRegen 0.26/turn    (no ring)
MPRegen 0.09/turn

%: no passive effects
@: brilliant, enlightened, flying, invisible
A: hooves 1, large bone plates 1, condensation shield
a: no special abilities


You were on level 4 of the Dungeon.
You visited 1 branch of the dungeon, and saw 4 of its levels.

You collected 104 gold pieces.

Inventory:

Hand Weapons
 a - a +1 war axe (weapon)
Missiles
 d - 5 boomerangs (quivered)
 e - a javelin
Armour
 b - a +0 leather armour
 c - a +0 helmet (worn)
 g - a +0 cloak (worn)
 m - a +0 chain mail
 u - a +0 plate armour (worn)
Jewellery
 i - a ring of fire
 x - a ring of poison resistance (left hand)
 A - a ring of fire
Talismans
 q - a serpent talisman
Scrolls
 f - 2 scrolls of enchant weapon
 k - 4 scrolls of identify
 l - a scroll of fog {unknown}
 r - a scroll of butterflies {unknown}
 s - a scroll of amnesia
 w - 2 scrolls of revelation
 y - a scroll of enchant armour {unknown}
Potions
 h - a potion of haste
 j - a potion of invisibility
 n - a potion of brilliance
 o - a potion of lignification {unknown}
 p - a potion of magic {unknown}
 t - a potion of enlightenment
 v - a potion of heal wounds {unknown}
 z - a potion of mutation {unknown}


   Skills:
 * Level 3.0 Fighting
 * Level 4.2 Axes
 * Level 2.0 Throwing
 * Level 1.4 Armour
 * Level 3.4 Dodging
 + Level 0.1 Stealth
 * Level 1.2 Shields


You had 4 spell levels left.
You didn't know any spells.
Your spell library contained the following spells:

 Spells                   Type           Power      Damage    Failure   Level
 Cigotuvi's Dreadful Rot  Necr/Pois/Air  0%         N/A       100%        2
 Frozen Ramparts          Ice            0%         1d1       100%        3
 Ignite Poison            Fire/Tmut/Pois 0%         N/A       100%        3
 Olgreb's Toxic Radiance  Pois           0%         N/A       100%        4
 Petrify                  Tmut/Erth      0%         N/A       100%        4
 Freezing Cloud           Conj/Ice/Air   0%         6-21      100%        5
 Metabolic Englaciation   Hex/Ice        0%         N/A       100%        5
 Discord                  Hex            0%         N/A       100%        8
 Ignition                 Fire           0%         3d3       100%        8


Dungeon Overview and Level Annotations

Branches:
Dungeon (4/15)
 Temple: D:4-7

Altars:
Makhleb
Ru

Annotations:
D:4 Pikel


Innate Abilities, Weirdness & Mutations

You have large cloven feet.
You are partially covered in large bone plates. (SH +4)
A meltable shield of frost defends you. (SH +0)


Message History

It is a scroll of identify.
h - a potion of haste Pikel barely misses you.
The phantom hits you but does no damage.
As you read the scroll labelled OPSUSU POP IRCH, it crumbles to dust.
It is a scroll of enchant weapon.
Your +0 war axe glows red for a moment.
Pikel hits you but does no damage. The phantom hits you.
* * * LOW HITPOINT WARNING * * *
As you read the scroll labelled SUOHIDYIRO, it crumbles to dust.
You feel aware of your surroundings.
You sensed 2 altars.
It was a scroll of revelation.
Pikel hits you but does no damage.
The phantom hits you but does no damage.
Found a scroll labelled SAILEOL MOANEM.
Found a stone staircase leading up.
As you read the scroll labelled MUJAEN MUAPNIA, it crumbles to dust.
It is a scroll of amnesia.
You feel forgetful for a moment.
Pikel hits you with a +0 whip of flaming.
* * * LOW HITPOINT WARNING * * *
Pikel burns you.
* * * LOW HITPOINT WARNING * * *
The phantom closely misses you.
It was a potion of invisibility.
You fade into invisibility!
You block Pikel's attack. The phantom barely misses you.
It was a potion of brilliance.
You feel clever all of a sudden.
The phantom hits you but does no damage.
Pikel hits you with a +0 whip of flaming.
* * * LOW HITPOINT WARNING * * *
Pikel burns you.
* * * LOW HITPOINT WARNING * * *
It was a potion of enlightenment.
You feel very buoyant.
You fly up into the air.
The phantom hits you but does no damage.
Pikel hits you with a +0 whip of flaming.
* * * LOW HITPOINT WARNING * * *
Pikel burns you.
You die...

...)..<.....#***,****,***********
........................,,,,,,,,,
.......#.##.####....#<##*****,,,,
....##.#....####....####,,,,,,**,
.#####...#######.##.###.,,,*,,**,
.........#...###.##.#...,*,,,,,,*
########.#.#.###.####.#.,,,,*,*,*
*...#)###W####.##**,,,,*,*
#######**###.###@####..?,,,,***,*
......# ###.###K#######***** *,*
......######.###55.....# **,*
..........##...55g..##.#******,,,
#....................#..,,,,,*,,,
#.........###........#..,,,,,*,,,
#.........########'#.##.,,,,,*,,,
#.........###.........+.,,,,,**,*
#.....##### *,,,,,,,,##,,,,,,**,,


You could see Pikel (unable to see you), 4 lemures, a phantom (unable to see
you) and a hobgoblin (unable to see you).

Vanquished Creatures
  An orc priest (D:3)
  Terence (D:2)
  An orc wizard (D:3)
  6 adders
  3 dart slugs
  11 orcs
  4 endoplasms
  3 giant cockroaches (D:3)
  6 hobgoblins
  2 jackals (D:2)
  6 kobolds
  5 quokkas
  12 ball pythons
  6 bats
  4 frilled lizards
  A goblin (D:1)
  4 rats
76 creatures vanquished.

Notes
Turn   | Place    | Note
-------+----------+-------------------------------------------
     0 | D:1      | gelatine the Demonspawn Gladiator began the quest for the
                  | Orb.
     0 | D:1      | Reached XP level 1. HP: 16/16 MP: 1/1
   100 | D:1      | Gained mutation: You are partially covered in large bone
                  | plates. (SH +4) [demonic ancestry]
   100 | D:1      | Reached XP level 2. HP: 14/22 MP: 2/2
   151 | D:1      | Reached skill level 3 in Axes
   527 | D:2      | Noticed Terence
   543 | D:2      | Killed Terence
   544 | D:2      | Reached skill level 1 in Armour
   544 | D:2      | Gained mutation: You have large cloven feet. [demonic
                  | ancestry]
   544 | D:2      | Reached XP level 3. HP: 22/27 MP: 3/3
   624 | D:2      | Gained mutation: A meltable shield of frost defends you.
                  | (SH +0) [demonic ancestry]
   624 | D:2      | Reached XP level 4. HP: 34/34 MP: 4/4
   759 | D:2      | Found a burning altar of Makhleb.
  1342 | D:3      | Reached skill level 1 in Shields
  1342 | D:3      | Reached XP level 5. HP: 40/40 MP: 5/5
  1571 | D:3      | Found a sacrificial altar of Ru.
  1578 | D:3      | Reached skill level 4 in Axes
  1939 | D:3      | Found a faded altar of an unknown god.
  2403 | D:4      | Noticed a phantom
  2404 | D:4      | Noticed a lemure
  2407 | D:4      | Noticed Pikel
  2407 | D:4      | Noticed a lemure
  2408 | D:4      | Noticed a lemure
  2408 | D:4      | Noticed a lemure
  2427 | D:4      | HP: 2/41 [Pikel/+0 whip of flaming (1)]
  2428 | D:4      | Slain by Pikel

Illustrated notes

Levels and vault maps discovered:
D:1:      dpeg_arrival_round_a, layout_basic
D:2:      layout_rooms, basic_altar, kennysheep_path_1,
          kennysheep_generic_room_15, uniq_terence
D:3:      layout_basic, hangedman_ru_absence, serial_rivers,
          chequers_serial_rivers_micro_d, chequers_serial_rivers_small_b,
          chequers_serial_rivers_room_b, chequers_serial_rivers_room_a,
          chequers_serial_rivers_small_a,
          hellmonk_ecumenical_altar_defaced_shrine, kennysheep_crisscross
D:4:      layout_basic, elyvilon_altar_5, slow_altar_2, uniq_grinder, uniq_pikel

Skill      XL: |  1  2  3  4  5 |
---------------+----------------+-----
Dodging        | 3 |  3.4
Axes           | 3 4 |  4.2
Armour         | 1 |  1.4
Shields        | 1 |  1.2
Throwing       | 2 |  2.0
Fighting       | 3 |  3.0
Stealth        | |  0.1

Action                     |  1- 3 |  4- 6 || total
---------------------------+-------+-------++-------
  Melee: War axe           |    67 |   127 ||   194
         Kick              |     1 |    27 ||    28
         Punch             |       |     1 ||     1
  Throw: Throwing net      |     2 |     2 ||     4
    Use: Scroll            |       |     4 ||     4
         Potion            |       |     3 ||     3
   Stab: Held in net/web   |     1 |       ||     1
 Armour: Leather armour    |    15 |       ||    15
         Chain mail        |     9 |    38 ||    47
         Plate armour      |       |    68 ||    68
  Dodge: Dodged            |    44 |    49 ||    93
  Block: Other             |    13 |    68 ||    81

Table legend: (Time is in decaauts)
 A = Elapsed time spent in this place.
 B = Non-inter-level travel time spent in this place.
 C = Inter-level travel time spent in this place.
 D = Time resting spent in this place.
 E = Time spent auto-exploring this place.
 F = Levels seen in this place.
 G = Mean time per level.
                   A        B        C        D        E       F      G
               +--------+--------+--------+--------+--------+-----+--------+
         Total |   2494 |   2429 |     65 |      0 |   1828 |   4 |  623.5 |
       Dungeon |   2494 |   2429 |     65 |      0 |   1828 |   4 |  623.5 |
               +--------+--------+--------+--------+--------+-----+--------+

Top non-repeatable levels by time:
     D:3: 1140 daAuts
     D:2: 740 daAuts
     D:1: 542 daAuts
     D:4: 69 daAuts
